cohdb
Replays
Latest Replays
All Replays
Popular Replays
Top Player Replays
Match Explorer
How It Works
Community
CoH3 Stats
Reddit
Sign in to upload your games and track your stats! →
Sign in with Steam
Match 47472186
Unlisted
Match 47472186
Overview
Messages
Build Orders
End
Kradschützen Motorcycle Team
250 Light Carrier
Selects Armored Support Battlegroup
Selects Armored Support Battlegroup
Panzerpioneer Squad
250 Light Carrier
Construct Light Support Kompanie
Selects Veteran Gunners
250 Light Carrier
Fire Support Elements
Selects Salvage Kits
MG34 Team
Combat Half-tracks
Panzerjäger Mechanized Group
Flakvierling Half-track
Pak 38 Anti-tank Gun Team
Supreme
Fratley
skyhawkfranky
Cicero_540
DoDonPachi
Henk
water
It's Takotime
0
0
Comments
sign in to comment!
No comments posted yet!